TOP OF THE 1ST |
Louisville Bats batting - Pitching for Memphis Redbirds : RHP Nick Mistretta
|
Pitching: RHP Nick Mistretta
|
|
Batting: RHB Takanibu Kaneshiro
|
0-0: Swinging Strike 0-1: Ball 1-1: Ball 2-1: SINGLE (Flyball, 34D, EV 81.9 MPH)
|
Batting: RHB Won-jun Park
|
0-0: Ball 1-0: Ball 2-0: Foul Ball, location: 2F 2-1: Ball 3-1: Called Strike 3-2: Base on Balls Takanibu Kaneshiro to second
|
Batting: SHB Freddie Farrar
|
0-0: Called Strike 0-1: SINGLE (Groundball, 34D, EV 108.1 MPH) Takanibu Kaneshiro to third Won-jun Park to second Runner from 3rd tries for Home, SAFE, throw by RF to home
|
Batting: LHB Jared Paige
|
0-0: Foul Ball, location: 2F 0-1: Ball 1-1: Foul Ball, location: 2F 1-2: Strikes out swinging
|
Batting: RHB Jonathan Robies
|
0-0: Ball 1-0: Ball 2-0: Fly out, F8 (Line Drive, 8LD, EV 89.4 MPH)
|
Batting: LHB Leo Gomez
|
0-0: Called Strike 0-1: Ball 1-1: Foul Ball, location: 2F 1-2: Fielders Choice at 2nd, 6-4 (Groundball, 6, EV 89.4 MPH)
|
Top of the 1st over - 1 run, 2 hits, 0 errors, 2 left on base; Louisville 1 - Memphis 0 |
BOTTOM OF THE 1ST |
Memphis Redbirds batting - Pitching for Louisville Bats : LHP Ed Chavez
|
Pitching: LHP Ed Chavez
|
|
Batting: RHB Mark Cahill
|
0-0: Foul Ball, location: 2F 0-1: Ball 1-1: SINGLE (Groundball, 6MD, EV 100.6 MPH)
|
Batting: RHB Andres Mendiola
|
0-0: Swinging Strike 0-1: Called Strike 0-2: Foul Ball, location: 2F 0-2: Foul Ball, location: 2F 0-2: Foul Ball, location: 2F 0-2: Strikes out swinging
|
Batting: RHB McGwire Jones
|
0-0: Foul Ball, location: 2F 0-1: Ball 1-1: Ball 2-1: Foul Ball, location: 2F 2-2: Foul Ball, location: 2F 2-2: Ball 3-2: SINGLE (Groundball, 4S, EV 100.0 MPH) Mark Cahill to second Runner from 2nd tries for 3rd, SAFE, throw by CF made to third
|
Batting: RHB Pablo Nunez
|
0-0: Called Strike 0-1: Ball 1-1: Foul Ball, location: 2F 1-2: Fielders Choice at 2nd, 6-4 (Groundball, 56, EV 105.0 MPH) Mark Cahill scores
|
Batting: RHB William Lung
|
0-0: Hit by Pitch Pablo Nunez to second
|
Batting: RHB Fabrice Bertin
|
0-0: Foul Ball, location: 2F 0-1: Swinging Strike 0-2: Fielders Choice at 2nd, 6-4 (Groundball, 6, EV 86.2 MPH)
|
Bottom of the 1st over - 1 run, 2 hits, 0 errors, 2 left on base; Louisville 1 - Memphis 1 |
TOP OF THE 2ND |
Louisville Bats batting - Pitching for Memphis Redbirds : RHP Nick Mistretta
|
Batting: SHB Paul Sandoval
|
0-0: Ball 1-0: Foul Ball, location: 2F 1-1: Swinging Strike 1-2: Strikes out looking
|
Batting: RHB Danny Real
|
0-0: Foul Ball, location: 2F 0-1: Ball 1-1: Called Strike 1-2: Strikes out swinging
|
Batting: RHB Steve Bauman
|
0-0: Ball 1-0: Ground out 5-3 (Groundball, 56, EV 106.2 MPH)
|
Top of the 2nd over - 0 runs, 0 hits, 0 errors, 0 left on base; Louisville 1 - Memphis 1 |
BOTTOM OF THE 2ND |
Memphis Redbirds batting - Pitching for Louisville Bats : LHP Ed Chavez
|
Batting: RHB Dan Boykins
|
0-0: Ball 1-0: Ball 2-0: Fly out, F9 (Line Drive, 9S, EV 91.2 MPH)
|
Batting: LHB Tsutomu Miyahara
|
0-0: Ball 1-0: Ground out 3-1 (Groundball, 34, EV 75.6 MPH)
|
Batting: RHB Josh Martin
|
0-0: Ground out 6-3 (Groundball, 6M, EV 79.4 MPH)
|
Bottom of the 2nd over - 0 runs, 0 hits, 0 errors, 0 left on base; Louisville 1 - Memphis 1 |
TOP OF THE 3RD |
Louisville Bats batting - Pitching for Memphis Redbirds : RHP Nick Mistretta
|
Batting: RHB Takanibu Kaneshiro
|
0-0: Ground out 6-3 (Groundball, 6, EV 83.1 MPH)
|
Batting: RHB Won-jun Park
|
0-0: Ground out 6-3 (Groundball, 6, EV 88.8 MPH)
|
Batting: SHB Freddie Farrar
|
0-0: Ball 1-0: Called Strike 1-1: Ball 2-1: Ground out 5-3 (Groundball, 56, EV 91.9 MPH)
|
Top of the 3rd over - 0 runs, 0 hits, 0 errors, 0 left on base; Louisville 1 - Memphis 1 |
BOTTOM OF THE 3RD |
Memphis Redbirds batting - Pitching for Louisville Bats : LHP Ed Chavez
|
Batting: RHB Mark Cahill
|
0-0: Ball 1-0: Foul Ball, location: 2F 1-1: Ball 2-1: DOUBLE (Line Drive, 3D, EV 103.1 MPH)
|
Batting: RHB Andres Mendiola
|
0-0: Called Strike 0-1: Ball 1-1: Ball 2-1: Ground out 6-3 (Groundball, 6, EV 101.2 MPH)
|
Batting: RHB McGwire Jones
|
0-0: Ball 1-0: Called Strike 1-1: Foul Ball, location: 2F 1-2: Ball 2-2: Ball 3-2: Base on Balls
|
Batting: RHB Pablo Nunez
|
0-0: Ball 1-0: Grounds into double play, 5-4-3 (Groundball, 56, EV 93.8 MPH)
|
Bottom of the 3rd over - 0 runs, 1 hit, 0 errors, 1 left on base; Louisville 1 - Memphis 1 |
TOP OF THE 4TH |
Louisville Bats batting - Pitching for Memphis Redbirds : RHP Nick Mistretta
|
Batting: LHB Jared Paige
|
0-0: Called Strike 0-1: Ball 1-1: SINGLE (Groundball, 23, EV 71.9 MPH) (infield hit)
|
Batting: RHB Jonathan Robies
|
0-0: Called Strike 0-1: Ball 1-1: Called Strike 1-2: Fly out, F8 (Flyball, 8RD, EV 73.8 MPH)
|
Batting: LHB Leo Gomez
|
0-0: Grounds into double play, 5-4-3 (Groundball, 5, EV 100.0 MPH)
|
Top of the 4th over - 0 runs, 1 hit, 0 errors, 0 left on base; Louisville 1 - Memphis 1 |
BOTTOM OF THE 4TH |
Memphis Redbirds batting - Pitching for Louisville Bats : LHP Ed Chavez
|
Batting: RHB William Lung
|
0-0: Ball 1-0: Called Strike 1-1: Called Strike 1-2: Foul Ball, location: 2F 1-2: Ball 2-2: Ball 3-2: Foul Ball, location: 2F 3-2: SINGLE (Groundball, 6MD, EV 103.1 MPH)
|
Batting: RHB Fabrice Bertin
|
0-0: Ball 1-0: Ball 2-0: Ball 3-0: Called Strike 3-1: SINGLE (Groundball, 56, EV 85.6 MPH) (infield hit) William Lung to second
|
Batting: RHB Dan Boykins
|
0-0: Fly out, F8 (Flyball, 8LD, EV 85.0 MPH) Runner from 2nd tags up, SAFE at 3rd with throw by CF
|
Batting: LHB Tsutomu Miyahara
|
0-0: Foul Ball, location: 2F 0-1: Called Strike 0-2: Strikes out swinging
|
Batting: RHB Josh Martin
|
0-0: Called Strike 0-1: Ball 1-1: Swinging Strike 1-2: Foul Ball, location: 2F 1-2: SINGLE (Groundball, P, EV 81.2 MPH) (infield hit) William Lung scores Fabrice Bertin to second
|
Batting: RHB Mark Cahill
|
0-0: Ball 1-0: Called Strike 1-1: Fielders Choice at 2nd, 5-4 (Groundball, 5, EV 100.0 MPH)
|
Bottom of the 4th over - 1 run, 3 hits, 0 errors, 2 left on base; Louisville 1 - Memphis 2 |
TOP OF THE 5TH |
Louisville Bats batting - Pitching for Memphis Redbirds : RHP Nick Mistretta
|
Batting: SHB Paul Sandoval
|
0-0: Ball 1-0: Ball 2-0: Called Strike 2-1: Foul Ball, location: 2F 2-2: Strikes out looking
|
Batting: RHB Danny Real
|
0-0: Called Strike 0-1: Fly out, F4 (Popup, 4S, EV 78.8 MPH)
|
Batting: RHB Steve Bauman
|
0-0: Ball 1-0: Ball 2-0: Ground out 5-3 (Groundball, 56, EV 82.5 MPH)
|
Top of the 5th over - 0 runs, 0 hits, 0 errors, 0 left on base; Louisville 1 - Memphis 2 |
BOTTOM OF THE 5TH |
Memphis Redbirds batting - Pitching for Louisville Bats : LHP Ed Chavez
|
Batting: RHB Andres Mendiola
|
0-0: Called Strike 0-1: Foul Ball, location: 2F 0-2: Ball 1-2: Foul Ball, location: 2F 1-2: Ball 2-2: Foul Ball, location: 2F 2-2: SOLO HOME RUN (Flyball, 7D, EV 92.5 MPH), Distance : 360 ft
|
Batting: RHB McGwire Jones
|
0-0: Swinging Strike 0-1: Ball 1-1: Foul Ball, location: 2F 1-2: Ball 2-2: Foul Ball, location: 2F 2-2: Foul Ball, location: 2F 2-2: SINGLE (Groundball, 6MD, EV 101.2 MPH)
|
Batting: RHB Pablo Nunez
|
0-0: Called Strike 0-1: Ball 1-1: Swinging Strike 1-2: Ball 2-2: Strikes out swinging
|
Batting: RHB William Lung
|
0-0: Ball 1-0: Ball 2-0: Ball 3-0: Base on Balls McGwire Jones to second
|
Batting: RHB Fabrice Bertin
|
0-0: Ball 1-0: Ball 2-0: Fly out, F9 (Flyball, 89D, EV 102.5 MPH)
|
Batting: RHB Dan Boykins
|
0-0: Called Strike 0-1: Foul Ball, location: 2F 0-2: Ball Wild Pitch! McGwire Jones to third William Lung to second 1-2: Foul Ball, location: 2F 1-2: Fly out, F8 (Line Drive, 8RD, EV 95.0 MPH)
|
Bottom of the 5th over - 1 run, 2 hits, 0 errors, 2 left on base; Louisville 1 - Memphis 3 |
TOP OF THE 6TH |
Louisville Bats batting - Pitching for Memphis Redbirds : RHP Nick Mistretta
|
Batting: RHB Takanibu Kaneshiro
|
0-0: Foul Ball, location: 2F 0-1: Ball 1-1: Called Strike 1-2: SINGLE (Groundball, 6MD, EV 106.9 MPH)
|
Batting: RHB Won-jun Park
|
0-0: Swinging Strike 0-1: Called Strike 0-2: Foul Ball, location: 2F 0-2: Foul Ball, location: 2F 0-2: Strikes out swinging
|
Batting: SHB Freddie Farrar
|
0-0: Ball 1-0: Foul Ball, location: 2F 1-1: Foul Ball, location: 2F 1-2: Ball 2-2: SINGLE (Groundball, 3D, EV 105.0 MPH) Takanibu Kaneshiro to second Runner from 2nd tries for 3rd, SAFE, throw by RF made to third
|
Batting: LHB Jared Paige
|
0-0: SINGLE (Groundball, 56D, EV 101.9 MPH) Takanibu Kaneshiro scores Freddie Farrar to second
|
Batting: RHB Jonathan Robies
|
0-0: Ball 1-0: Grounds into double play, 6-4-3 (Groundball, 6, EV 99.4 MPH)
|
Top of the 6th over - 1 run, 3 hits, 0 errors, 1 left on base; Louisville 2 - Memphis 3 |
BOTTOM OF THE 6TH |
Memphis Redbirds batting - Pitching for Louisville Bats : LHP Ed Chavez
|
Pitching: RHP Ken Armstrong
|
|
Batting: LHB Tsutomu Miyahara
|
0-0: Ball 1-0: Ball 2-0: Fly out, F3 (Popup, 3, EV 73.1 MPH)
|
Batting: RHB Josh Martin
|
0-0: Called Strike 0-1: Ball 1-1: DOUBLE (Flyball, 89D, EV 106.2 MPH)
|
Batting: RHB Mark Cahill
|
0-0: Called Strike 0-1: Foul Ball, location: 2F 0-2: Strikes out swinging
|
Batting: RHB Andres Mendiola
|
0-0: Ball 1-0: Foul Ball, location: 2F 1-1: Called Strike 1-2: Strikes out looking
|
Bottom of the 6th over - 0 runs, 1 hit, 0 errors, 1 left on base; Louisville 2 - Memphis 3 |
TOP OF THE 7TH |
Louisville Bats batting - Pitching for Memphis Redbirds : RHP Nick Mistretta
|
Batting: LHB Leo Gomez
|
0-0: Ball 1-0: Ball 2-0: Ball 3-0: Called Strike 3-1: Called Strike 3-2: Base on Balls
|
Batting: SHB Paul Sandoval
|
0-0: Called Strike Leo Gomez steals 2nd base (no throw) 0-1: Ball 1-1: Foul Ball, location: 2F 1-2: Ball 2-2: Ball 3-2: Base on Balls
|
Batting: RHB Danny Real
|
0-0: Ball 1-0: Ball 2-0: 3-RUN HOME RUN (Flyball, 7LD, EV 93.8 MPH), Distance : 342 ft
|
Batting: RHB Steve Bauman
|
0-0: Ball 1-0: Swinging Strike 1-1: Ball 2-1: Called Strike 2-2: Strikes out looking
|
Batting: RHB Takanibu Kaneshiro
|
0-0: Called Strike 0-1: Foul Ball, location: 2F 0-2: Ball 1-2: Strikes out swinging
|
Batting: RHB Won-jun Park
|
0-0: Called Strike 0-1: Ball 1-1: Foul Ball, location: 2F 1-2: Ball 2-2: Ball 3-2: Foul Ball, location: 2F 3-2: Fly out, F8 (Flyball, 8LM, EV 91.2 MPH)
|
Top of the 7th over - 3 runs, 1 hit, 0 errors, 0 left on base; Louisville 5 - Memphis 3 |
BOTTOM OF THE 7TH |
Memphis Redbirds batting - Pitching for Louisville Bats : RHP Ken Armstrong
|
Batting: RHB McGwire Jones
|
0-0: Ball 1-0: Ball 2-0: Foul Ball, location: 2F 2-1: Ball 3-1: SINGLE (Flyball, 8LS, EV 85.6 MPH)
|
Batting: RHB Pablo Nunez
|
0-0: Ball McGwire Jones steals 2nd base 1-0: Called Strike 1-1: Ball 2-1: Ball 3-1: Foul Ball, location: 2F 3-2: Fly out, F7 (Flyball, 7LS, EV 82.5 MPH)
|
Batting: LHB Sam Britt
|
0-0: Ball 1-0: Called Strike 1-1: Swinging Strike 1-2: Ball 2-2: Foul Ball, location: 2F 2-2: Ball 3-2: Base on Balls
|
Batting: RHB Fabrice Bertin
|
0-0: Ball 1-0: Swinging Strike 1-1: Ball 2-1: Ball 3-1: Reached on error, E6 (Groundball, P, EV 88.8 MPH) McGwire Jones scores Sam Britt to third
|
Batting: RHB Dan Boykins
|
0-0: Ball 1-0: Ball 2-0: Ball 3-0: Base on Balls
|
Pitching: LHP Jesus Perez
|
|
Pinch Hitting: RHB Roberto Duron
|
0-0: Called Strike 0-1: Ball 1-1: SINGLE (Groundball, 6MD, EV 95.0 MPH) Sam Britt scores Fabrice Bertin to third Dan Boykins to second Runner from 3rd tries for Home, SAFE, throw by CF to home
|
Pitching: RHP Giovonni Morgia
|
|
Pinch Runner at 2nd Joe LaDue:
|
|
Batting: RHB Josh Martin
|
0-0: Ball 1-0: Swinging Strike 1-1: Foul Ball, location: 2F 1-2: Ball 2-2: Strikes out looking
|
Batting: RHB Mark Cahill
|
0-0: Ball 1-0: Ball 2-0: Ball 3-0: Called Strike 3-1: Called Strike 3-2: Base on Balls Joe LaDue to third Roberto Duron to second
|
Batting: RHB Andres Mendiola
|
0-0: Ball 1-0: Ball 2-0: Ball 3-0: Base on Balls Joe LaDue scores Roberto Duron to third Mark Cahill to second
|
Batting: RHB McGwire Jones
|
0-0: Ball 1-0: Foul Ball, location: 2F 1-1: Foul Ball, location: 2F 1-2: Foul Ball, location: 2F 1-2: Ball 2-2: Foul Ball, location: 2F 2-2: Strikes out swinging
|
Bottom of the 7th over - 4 runs, 2 hits, 1 error, 3 left on base; Louisville 5 - Memphis 7 |
BOTTOM OF THE 8TH |
Memphis Redbirds batting - Pitching for Louisville Bats : RHP Giovonni Morgia
|
Pitching: RHP Junpei Yamazaki
|
|
Batting: RHB Pablo Nunez
|
0-0: Foul Ball, location: 2F 0-1: Called Strike 0-2: Strikes out swinging
|
Batting: LHB Sam Britt
|
0-0: SINGLE (Groundball, 34S, EV 82.5 MPH) (infield hit)
|
Batting: RHB Fabrice Bertin
|
0-0: Called Strike 0-1: Foul Ball, location: 2F 0-2: Ball 1-2: Foul Ball, location: 2F 1-2: Strikes out looking
|
Batting: RHB Joe LaDue
|
0-0: Ball 1-0: Foul Ball, location: 2F 1-1: Ball 2-1: Ball 3-1: Fly out, F9 (Flyball, 9, EV 96.2 MPH)
|
Bottom of the 8th over - 0 runs, 1 hit, 0 errors, 1 left on base; Louisville 5 - Memphis 7 |
TOP OF THE 9TH |
Louisville Bats batting - Pitching for Memphis Redbirds : LHP Randolph Rayner
|
Pitching: RHP Joe Spencer
|
|
Batting: SHB Paul Sandoval
|
0-0: Ball 1-0: Swinging Strike 1-1: Foul Ball, location: 2F 1-2: Foul Ball, location: 2F 1-2: Strikes out swinging
|
Batting: RHB Danny Real
|
0-0: Foul Ball, location: 2F 0-1: Ball 1-1: Ball 2-1: Swinging Strike 2-2: Foul Ball, location: 2F 2-2: Foul Ball, location: 2F 2-2: Ball 3-2: Strikes out swinging
|
Batting: LHB Ray Walden
|
0-0: Ball 1-0: Ball 2-0: Swinging Strike 2-1: Foul Ball, location: 2F 2-2: Ball 3-2: Foul Ball, location: 2F 3-2: Strikes out looking
|
Top of the 9th over - 0 runs, 0 hits, 0 errors, 0 left on base; Louisville 5 - Memphis 7 |
|